Map: Stasis LE

Players

Willy

  • Race: Protoss Protoss
  • League: Master
  • Spawn Location: 11:00

PiG - Winner!

  • Race: Terran Terran
  • League: Grandmaster
  • Spawn Location: 1:00

VOD

Have the link to the VOD?

Description

Time

  • Played on: Dec. 3, 2018, 5:14 p.m.
  • Length: 8:04
Show
View Real Time Build Order
Export as new Build Order

Willy Protoss 

Build Orders: 1 Gate Expand 

Get SALT Encoding   

  12  0:01  Probe  
  13  0:13  Probe  
  14  0:21  Pylon  
  14  0:25  Probe  
  15  0:35  Probe  
  15  0:42  Gateway  
  16  0:43  Probe  
  16  0:46  Assimilator  
  17  0:53  Probe  
  18  1:01  Probe  
  18  1:11  Probe  
  20  1:27  Nexus  
  20  1:39  Cybernetics Core  
  20  1:40  Probe  
  21  1:47  Assimilator  
  21  1:54  Pylon  
  21  1:57  Probe  
  22  2:06  Stalker  
  22  2:09  Warp Gate  
  22  2:10  Probe  
  23  2:22  Probe  
  26  2:36  Robotics Facility  
  26  2:37  Stalker  
  26  2:43  Probe x2  
  30  2:55  Probe x2  
  32  3:05  Stalker  
  32  3:07  Gateway  
  34  3:13  Probe  
  32  3:30  Shield Battery  
  32  3:32  Shield Battery  
  32  3:38  Immortal  
  36  3:49  Gateway  
  36  3:51  Probe  
  36  4:08  Probe  
  37  4:11  Stalker x2  
  41  4:17  Pylon  
  41  4:19  Immortal  
  45  4:37  Stalker x2  
  47  4:40  Probe  
  48  4:51  Observer, Zealot  
  50  4:55  Gateway  
  51  5:09  Zealot  
  51  5:14  Immortal  
  45  5:20  Stalker  
  45  5:21  Stalker  
  44  5:27  Probe  
  37  5:39  Stalker  
  39  5:48  Probe  
  39  5:50  Probe, Stalker  
  43  6:00  Zealot  
  45  6:04  Zealot  
  45  6:06  Probe  
  42  6:20  Zealot x2  
  42  6:21  Probe  
  42  6:23  Probe  
  37  6:36  Probe, Zealot  
  37  6:37  Probe  
  37  6:43  Stalker  
  39  6:52  Stalker  
  39  6:57  Zealot  
  41  7:04  Probe  
  41  7:07  Stalker  
  41  7:08  Probe  
  45  7:12  Probe  
  45  7:19  Stalker  
  45  7:20  Probe  
  49  7:25  Stalker  
Show
View Real Time Build Order
Export as new Build Order

PiG Terran - Winner!

Build Orders: 1/1/1, Cyclone Opening 

Get SALT Encoding   

  12  0:00  SCV  
  13  0:13  SCV  
  14  0:18  Supply Depot  
  14  0:25  SCV  
  15  0:31  Refinery  
  15  0:39  SCV  
  16  0:45  Barracks  
  16  0:51  SCV  
  17  1:04  SCV  
  18  1:11  Refinery  
  18  1:17  SCV  
  19  1:32  Marine  
  19  1:35  Factory  
  19  1:39  Supply Depot  
  20  1:42  Orbital Command  
  20  1:51  Barracks Reactor  
  20  2:15  SCV  
  21  2:17  Supply Depot  
  21  2:19  Factory Tech Lab  
  21  2:21  Starport  
  21  2:28  Marine x2  
  23  2:31  SCV  
  24  2:42  Cyclone  
  28  2:44  SCV  
  28  2:51  Marine x2  
  28  2:56  SCV  
  31  3:02  Medivac  
  33  3:11  SCV  
  34  3:15  Marine x2  
  35  3:20  Siege Tank  
  35  3:23  SCV  
  35  3:25  Liberator  
  39  3:31  Supply Depot  
  39  3:45  Marine  
  39  3:46  Marine  
  44  3:55  SCV  
  44  4:07  Bunker  
  44  4:12  SCV  
  44  4:15  Supply Depot  
  45  4:24  Marine, SCV  
  44  4:38  Marine  
  44  4:39  Siege Tank  
  44  4:41  Marine  
  49  4:50  Liberator, Bunker  
  49  5:06  SCV  
  50  5:07  Marine  
  50  5:08  Marine  
  45  5:34  Marine x2  
  45  5:35  Siege Tank  
  50  5:39  Liberator  
  50  5:56  Marine x2  
  55  6:01  Bunker  
  55  6:07  Siege Tank  
  54  6:14  Marine  
  51  6:19  Marine  
  45  6:29  Liberator  
  45  6:32  Marine  
  45  6:33  SCV  
  45  6:37  Marine  
  45  6:39  Siege Tank  
  53  6:48  SCV  
  53  6:49  Marine  
  54  7:21  Marine, Siege Tank  
  58  7:23  Bunker  
  55  7:39  Command Center  
  55  7:47  SCV  
Tags
 
Add a new tag
Caveats
  • Supply blocks, unpowered buildings, or Contaminate may cause inaccurate times.
  • Supply counts are checked every 10 seconds.